 Dungeon Crawl Stone Soup version 0.28.0-43-g3370ac3207 (webtiles) character file.

Game seed: 8143082895677726060

190 pkoi the Conjurer (level 5, -3/31 HPs)
             Began as an Octopode Conjurer on Mar 17, 2022.
             Killed from afar by Ijyb (13 damage)
             ... with a puff of flame
             ... on level 4 of the Dungeon.
             The game lasted 00:07:06 (4586 turns).

pkoi the Conjurer (Octopode Conjurer)               Turns: 4586, Time: 00:07:06

Health: -3/31      AC:  1    Str:  7    XL:     5   Next: 69%
Magic:  5/8        EV: 12    Int: 22    God:
Gold:   161        SH:  5    Dex: 10    Spells: 1/8 levels left

rFire   . . .      SeeInvis .   f - +0 short sword
rCold   . . .      Faith    .   o - +2 buckler
rNeg    . . .      Spirit   .   (helmet restricted)
rPois   .          Reflect  .   (no amulet)
rElec   .          Harm     .   (no ring)
rCorr   .          Rampage  .   (no ring)
Will    .....                   (no ring)
Stlth   +++.......              (no ring)
HPRegen 0.10/turn               (no ring)
MPRegen 0.11/turn               (no ring)
                                (no ring)
                                (no ring)

@: no status effects
A: almost no armour, amphibious, 8 rings, camouflage 1, gelatinous body 1,
(nimble swimmer 1), tentacles
a: no special abilities


You were on level 4 of the Dungeon.
You visited 1 branch of the dungeon, and saw 4 of its levels.

You collected 161 gold pieces.

Inventory:

Hand Weapons
 f - a +0 short sword (weapon)
Armour
 o - a +2 buckler (worn)
Wands
 e - a wand of acid (9)
Scrolls
 a - 2 scrolls of fog {unknown}
 b - a scroll of torment {unknown}
 c - 2 scrolls of teleportation {unknown}
 i - a scroll of vulnerability {unknown}
 j - a scroll of enchant weapon {unknown}
 k - a scroll of brand weapon {unknown}
 l - a scroll of identify {unknown}
Potions
 d - 2 potions of curing {unknown}
 g - a potion of attraction {unknown}
 h - a potion of lignification {unknown}
 m - a potion of degeneration {unknown}
 n - a potion of berserk rage {unknown}


   Skills:
 - Level 2.0 Dodging
 - Level 4.0 Stealth
 + Level 0.3 Shields
 + Level 2.3 Spellcasting
 * Level 5.8 Conjurations
 * Level 1.6 Translocations


You had one spell level left.
You knew the following spells:

 Your Spells              Type           Power      Damage    Failure   Level
a - Magic Dart            Conj           100%       1d8       1%          1
b - Searing Ray           Conj           56%        2d6       2%          2
c - Iskenderun's Mystic   Conj/Tloc      19%        2d6       36%         4

Your spell library contained the following spells:

 Spells                   Type           Power      Damage    Failure   Level
 Dazzling Flash           Conj/Hex       30%        N/A       16%         3
 Stone Arrow              Conj/Erth      30%        3d8       16%         3
 Portal Projectile        Hex/Tloc       12%        N/A       36%         3
 Fulminant Prism          Conj/Hex       7%         3d7       47%         4
 Summon Guardian Golem    Hex/Summ       2%         N/A       50%         3
 Blade Hands              Tmut           1%         N/A       99%         5
 Excruciating Wounds      Necr           1%         N/A       99%         5
 Orb of Destruction       Conj           14%        9d7       100%        7
 Spellforged Servitor     Conj/Summ      7%         N/A       100%        7
 Lehudib's Crystal Spear  Conj/Erth      7%         10d3      100%        8
 Animate Armour           Summ/Erth      Unusable   N/A       N/A         4

Dungeon Overview and Level Annotations

Branches:
Dungeon (4/15)
 Temple: D:4-7

Altars:
Elyvilon
Okawaru
Uskayaw

Annotations:
D:4 Ijyb, Sigmund


Innate Abilities, Weirdness & Mutations

You cannot wear most types of armour.
You are amphibious.
You can wear up to eight rings at the same time.
Your skin changes colour to match your surroundings (Stealth+).
Your rubbery body absorbs attacks. (AC +1, EV +1)
((You are camouflaged when in or above water. (Stealth+)))
You have tentacles for arms and can constrict up to eight enemies at once.


Message History

Level annotation: Ijyb
Found a runed scarf.
There is a stone staircase leading up here.
Unknown command.
Sigmund shouts!
You climb upwards.
There is a stone staircase leading down here.
You see here a +0 club.
You see here a +0 mace.
There is a stone staircase leading down here.
You climb downwards.
Level annotation: Ijyb, Sigmund
There is a stone staircase leading up here.
Unknown command.
Unknown command.
Ijyb is nearby!
Press: ? - help, v - describe, . - travel
Here: Ijyb, wielding a +3 dagger of venom, wearing a +0 chain mail and carrying a wand of flame (8)
The floor.
Unknown command.
Casting: Magic Dart (safe; 1% risk of failure)
Confirm with . or Enter, or press ? or * to list all spells.
Okay, then.
Unknown command.
The magic dart hits Ijyb.
Ijyb is lightly wounded.
Ijyb zaps a wand.
The puff of flame hits you.
The magic dart hits Ijyb.
Ijyb is lightly wounded.
The magic dart hits Ijyb.
Ijyb is moderately wounded.
Ijyb zaps a wand.
The puff of flame hits you!
* * * LOW HITPOINT WARNING * * *
You are too injured to fight recklessly!
You are too injured to fight recklessly!
Ijyb screams, "I dance on your bones!"
Ijyb zaps a wand.
The puff of flame hits you!
* * * LOW HITPOINT WARNING * * *
Ijyb zaps a wand.
The puff of flame hits you!
You die...

#.........##..#
###
#........##.g##
#
#.......###..#
#<.....###..##
#....####..##
##...## #...#
#..### ##..##
#....###...#
####...@..##
#####..## ##..#
####


You could see Ijyb.

Vanquished Creatures
  A howler monkey (D:4)
  A jelly (D:4)
  An iguana (D:3)
  An orc wizard (D:3)
  An adder (D:2)
  A worm (D:2)
  A dart slug (D:2)
  11 orcs (D:3)
  5 ball pythons
  4 bats (D:1)
  4 endoplasms
  4 hobgoblins
  4 kobolds
  2 quokkas
  2 frilled lizards
  3 rats (D:1)
46 creatures vanquished.

Vanquished Creatures (others)
  18 plants (D:2)
18 creatures vanquished.

Grand Total: 64 creatures vanquished

Notes
Turn   | Place    | Note
-------+----------+-------------------------------------------
     0 | D:1      | pkoi the Octopode Conjurer began the quest for the Orb.
     0 | D:1      | Reached XP level 1. HP: 11/11 MP: 3/3
   635 | D:1      | Reached XP level 2. HP: 17/17 MP: 3/5
  1426 | D:2      | Learned a level 2 spell: Searing Ray
  1694 | D:2      | Reached XP level 3. HP: 21/21 MP: 2/6
  3111 | D:3      | Reached skill level 5 in Conjurations
  3179 | D:3      | Reached XP level 4. HP: 21/27 MP: 1/7
  3247 | D:3      | Found a faded altar of an unknown god.
  3270 | D:3      | Found a hide-covered altar of Uskayaw.
  3271 | D:3      | Noticed a +0 spear
  3272 | D:3      | Noticed a +0 spear
  3272 | D:3      | Noticed a +0 falchion
  3272 | D:3      | Noticed a +0 falchion
  3274 | D:3      | Noticed a +0 short sword
  3275 | D:3      | Noticed a +0 dagger
  3275 | D:3      | Noticed a +0 dagger
  3276 | D:3      | Noticed a +0 short sword
  3647 | D:3      | Learned a level 4 spell: Iskenderun's Mystic Blast
  3728 | D:3      | Found an iron altar of Okawaru.
  3843 | D:4      | Reached XP level 5. HP: 31/31 MP: 1/8
  4121 | D:4      | Reached skill level 1 in Translocations
  4219 | D:4      | Found a white marble altar of Elyvilon.
  4301 | D:4      | Noticed Ijyb
  4507 | D:4      | Noticed Sigmund
  4586 | D:4      | Killed from afar by Ijyb

Illustrated notes

Levels and vault maps discovered:
D:1:      dpeg_arrival_tiny_f, layout_rooms, chequers_serial_rivers_large_a
D:2:      layout_loops_ring, wad_woods_river_04, chequers_jeans
D:3:      layout_rooms, nicolae_uskayaw_en_pointe, okawaru_ov_weapons_minmay,
          basic_ecumenical_altar, minmay_misc_feat_alley
D:4:      layout_cave_pods, nicolae_dithmenos_shadow_blocks,
          lemuel_doored_altar, mainiacjoe_overflow_24_doors,
          minmay_temple_entry_offerings, minmay_misc_feat_tiny, st_stairs_6,
          chequers_avenue, uniq_sigmund, uniq_ijyb, uniq_pikel

Skill      XL: |  1  2  3  4  5 |
---------------+----------------+-----
Stealth        | 3 4 |  4.0
Conjurations   | 5 |  5.8
Translocations | 1 |  1.6
Dodging        | |  2.0
Shields        | |  0.3
Spellcasting   | |  2.3

Action                   |  1- 3 |  4- 6 || total
-------------------------+-------+-------++-------
Melee: Unarmed           |    15 |       ||    15
       Constrict         |    21 |     1 ||    22
       Short sword       |    56 |    11 ||    67
       Tentacles         |    21 |     3 ||    24
       Punch             |     2 |       ||     2
 Cast: Magic Dart        |    84 |    37 ||   121
Armor: Skin              |     8 |     1 ||     9
Dodge: Dodged            |    24 |     7 ||    31
